 Dungeon Crawl Stone Soup version 0.30-a0-737-gf23d94013f (webtiles) character file.

Game seed: 3903516611346477209

3299 retardedninja the Protected (level 10, -3/64 HPs)
             Began as a Gargoyle Fighter on Feb 1, 2023.
             Slain by a meliai
             ... wielding a +0 war axe
              (14 damage)
             ... on level 8 of the Dungeon.
             The game lasted 00:11:32 (10078 turns).

retardedninja the Protected (Gargoyle Fighter)     Turns: 10078, Time: 00:11:33

Health: -3/64      AC: 25    Str: 24    XL:     10   Next: 1%
Magic:  10/10      EV:  7    Int:  9    God:
Gold:   392        SH:  5    Dex:  9    Spells: 9/9 levels left

rFire   . . .      SeeInvis .    a - +1 flail (venom)
rCold   . . .      Faith    .    c - +0 buckler
rNeg    + . .      Spirit   .    t - +0 plate armour
rPois   ∞          Reflect  .    i - +0 helmet
rElec   +          Harm     .    w - +0 cloak
rCorr   .          Rampage  .    (no gloves)
Will    +....                    v - +0 pair of boots Stlth
                                 (no amulet)
HPRegen 0.30/turn                r - ring of willpower
MPRegen 0.12/turn                (no ring)

@: mighty
A: sickness immunity, AC +7, negative energy resistance 1, electricity
resistance, torment resistance 1, petrification resistance
a: no special abilities


You were on level 8 of the Dungeon.
You visited 2 branches of the dungeon, and saw 9 of its levels.

You collected 392 gold pieces.

Inventory:

Hand Weapons
 a - a +1 flail of venom (weapon)
Armour
 c - a +0 buckler (worn)
 i - a +0 helmet (worn)
 t - a +0 plate armour (worn)
 v - a +0 pair of boots (worn)
 w - a +0 cloak (worn)
Jewellery
 r - a ring of willpower (left hand)
Wands
 p - a wand of polymorph (4)
 s - a wand of iceblast (16)
Scrolls
 b - a scroll of enchant armour {unknown}
 e - a scroll of immolation {unknown}
 f - a scroll of fog
 g - 2 scrolls of teleportation
 h - a scroll of fear {unknown}
 k - a scroll of blinking
 l - a scroll of poison
 o - a scroll of magic mapping {unknown}
 q - 2 scrolls of identify
 y - a scroll of amnesia {unknown}
 A - a scroll of noise {unknown}
Potions
 d - a potion of lignification {unknown}
 j - a potion of cancellation {unknown}
 m - 3 potions of attraction
 n - a potion of mutation {unknown}
 u - a potion of resistance
 B - a potion of curing


   Skills:
 + Level 8.3 Fighting
 + Level 7.1 Maces & Flails
 + Level 8.3 Armour
 + Level 8.2 Shields


You had 9 spell levels left.
You didn't know any spells.
Your spell library contained the following spells:

 Spells                   Type           Power      Damage    Failure   Level
 Ensorcelled Hibernation  Hex/Ice        0%         N/A       100%        2
 Passwall                 Tmut/Erth      0%         N/A       100%        2
 Swiftness                Air            0%         N/A       100%        3
 Petrify                  Tmut/Erth      0%         N/A       100%        4
 Irradiate                Conj/Tmut      0%         3d11      100%        5
 Sublimation of Blood     Necr           Unusable   N/A       N/A         2

Dungeon Overview and Level Annotations

Branches:
Dungeon (8/15)             Temple (1/1) D:7
   Lair: D:8-11

Altars:
Dithmenos
Fedhas
Hepliaklqana
Makhleb
Nemelex Xobeh
Okawaru
Qazlal
Ru
Uskayaw
Vehumet
Wu Jian
Yredelemnul
The Shining One

Shops:
D:1 ?[[   D:3 =!*

Annotations:
D:4 3 runed translucent doors, deadpool521's ghost, novice HOFi


Innate Abilities, Weirdness & Mutations

You are immune to sickness and miasma.
Your stone body is resilient. (AC +7)
You are immune to poison.
You resist negative energy. (rN+)
You are resistant to electric shocks. (rElec)
You are resistant to unholy torment.
You are immune to petrification.


Message History

A sky beast comes into view.
The centaur warrior barely misses you. The centaur warrior kicks you.
You closely miss the centaur warrior.
The centaur warrior is almost dead.
A hornet comes into view.
The centaur warrior hits you!
The centaur warrior kicks you but does no damage.
The hornet buzzes angrily.
You sock the centaur warrior!
You kill the centaur warrior!
You hear an angry hiss.
The meliai mumbles some strange prayers to its god against you.
Something smites you!
The meliai mumbles some strange prayers to its god against you.
Something smites you!
* * * LOW HITPOINT WARNING * * *
Your Fighting skill increases to level 8!
Your Maces & Flails skill increases to level 7!
Your Armour skill increases to level 8!
Your Shields skill increases to level 8!
You have reached level 10!
Blink to where?
Press: ? - help, Dir - move target
As you read the scroll of blinking, it crumbles to dust.
The meliai mumbles some strange prayers to its god against you.
Something smites you!
* * * LOW HITPOINT WARNING * * *
You feel much better.
The meliai invokes the aid of its god against you.
Something smites you!
* * * LOW HITPOINT WARNING * * *
Blink to where?
Press: ? - help, Dir - move target, f - sky beast
Aim: a sky beast
Okay, then.
As you read the scroll labelled ZUGITT YFRO, it crumbles to dust.
The scroll dissolves into smoke.
It was a scroll of fog.
You block the meliai's attack. The meliai closely misses you.
The meliai hits you with a +0 war axe!
You die...

......# .
.....# ♣
.# #...#
.♣# ..#
#...# ♣.#
... #..<#
♣♣♣.# .n
######...#
♣§§§♣♣W#
#........#
♣§§o§Y♣
#........#
♣♣y♣♣♣♣c#
#......###
♣@♣♣ ..
#......#
♣♣.♣♣ c..
#......#
♣♣.♣# ..#
#......#
♣♣.# .#
#......#
♣♣.♣# .
#......#
♣.♣♣
#......#
♣.♣
#......#
♣♣.♣♣
#......#
#♣...♣#


You could see a meliai.

Vanquished Creatures
  A centaur warrior (D:8)
  Joseph (D:7)
  3 yaks (D:4)
  A black bear (D:5)
  3 sky beasts (D:7)
  An ice beast (D:6)
  2 ogres
  A centaur (D:6)
  A phantom (D:6)
  2 bullfrogs
  2 scorpions
  6 killer bees (D:7)
  A hound (D:5)
  2 jellies
  3 orc priests
  4 iguanas
  Natasha (thrice) (D:2)
  7 orc wizards
  Robin (D:3)
  8 gnolls
  An adder (D:2)
  An ufetubus (D:5)
  2 worms
  A dart slug (D:1)
  17 orcs
  4 endoplasms
  3 giant cockroaches
  7 goblins (D:3)
  12 hobgoblins
  8 kobolds
  2 quokkas (D:1)
  3 ball pythons
  3 bats
  2 frilled lizards (D:1)
  5 rats
  A spectral kobold (D:2)
125 creatures vanquished.

Vanquished Creatures (others)
  17 plants (D:8)
17 creatures vanquished.

Grand Total: 142 creatures vanquished

Notes
Turn   | Place    | Note
-------+----------+-------------------------------------------
     0 | D:1      | retardedninja the Gargoyle Fighter began the quest for the
                  | Orb.
     0 | D:1      | Reached XP level 1. HP: 14/14 MP: 1/1
    84 | D:1      | Found Rilurel's Antique Armour Shop.
   190 | D:1      | Found Uhuitomn's Magic Scroll Shoppe.
   208 | D:1      | Reached XP level 2. HP: 16/19 MP: 2/2
   484 | D:1      | Found Sonof's Antique Armour Boutique.
   764 | D:2      | Reached XP level 3. HP: 14/23 MP: 3/3
   906 | D:2      | Found a faded altar of an unknown god.
  1214 | D:2      | Noticed Natasha
  1219 | D:2      | Killed Natasha
  1220 | D:2      | Reached XP level 4. HP: 29/29 MP: 4/4
  1315 | D:2      | Noticed Natasha
  1331 | D:2      | Killed Natasha
  1461 | D:2      | Noticed Natasha
  1473 | D:2      | Killed Natasha
  1676 | D:3      | Reached XP level 5. HP: 33/33 MP: 5/5
  1701 | D:3      | Found Teyt's Distillery.
  1868 | D:3      | Found Tainya's General Store.
  2036 | D:3      | Noticed Robin
  2046 | D:3      | Killed Robin
  2362 | D:3      | Found Qeykhos's Jewellery Emporium.
  2765 | D:4      | Noticed an ogre
  3095 | D:3      | HP: 1/34 [gnoll/+0 whip (1)]
  3096 | D:3      | Killed an ogre
  3097 | D:3      | Reached XP level 6. HP: 2/39 MP: 6/6
  4862 | D:4      | Reached skill level 5 in Armour
  4864 | D:4      | Reached skill level 5 in Fighting
  5004 | D:4      | Reached skill level 5 in Shields
  5004 | D:4      | Reached XP level 7. HP: 21/44 MP: 7/7
  5509 | D:4      | Found a runed translucent gate.
  5510 | D:4      | Found a runed translucent gate.
  5511 | D:4      | Found a runed translucent gate.
  5544 | D:4      | Noticed deadpool521's ghost (novice HOFi)
  5784 | D:5      | Entered Level 5 of the Dungeon
  5784 | D:5      | Noticed a yak
  5784 | D:5      | Noticed a yak
  5784 | D:5      | Noticed a yak
  5815 | D:4      | Killed a yak
  5816 | D:4      | Killed a yak
  5820 | D:4      | Killed a yak
  5821 | D:4      | Reached XP level 8. HP: 12/51 MP: 8/8
  6435 | D:5      | Reached skill level 5 in Maces & Flails
  8415 | D:6      | Reached XP level 9. HP: 57/57 MP: 9/9
  8520 | D:7      | Found a staircase to the Ecumenical Temple.
  8530 | Temple   | Entered the Ecumenical Temple
  8530 | Temple   | Found a transporter.
  8530 | Temple   | Found a transporter.
  8532 | Temple   | Found a transporter.
  8532 | Temple   | Found a transporter.
  8617 | D:7      | Noticed Joseph
  8646 | D:7      | Killed Joseph
  9325 | D:7      | Identified the +7 mace "Jimon" {protect, rN+ Str-5 Int+7
                  | Dex+2}
 10058 | D:8      | Noticed a centaur warrior
 10062 | D:8      | Noticed a meliai
 10073 | D:8      | Noticed a hornet
 10074 | D:8      | Killed a centaur warrior
 10075 | D:8      | Reached XP level 10. HP: 17/64 MP: 10/10
 10078 | D:8      | Slain by a meliai

Illustrated notes

Levels and vault maps discovered:
D:1:      psy_arrival_conway, layout_loops_ring, serial_shops, shop,
          nicolae_shop_hallway_stairs, nicolae_shop_hallway_stairs, minivault_19
D:2:      layout_basic, dreamdust_ecumenical_altar_drowned_temple,
          minmay_misc_feat_five, minmay_misc_feat_x, uniq_natasha
D:3:      layout_loops_corners, serial_shops, shop,
          nicolae_shop_temple_entry_statues_fountains, nicolae_shop_trees,
          uniq_robin
D:4:      layout_cave_pools, gammafunk_ghost_icy, minmay_misc_feat_plants
D:5:      layout_rooms, roderic_roman_lattice
D:6:      layout_basic
D:7:      cheibrodos_iron_armory, layout_gridville, minmay_temple_entry_waves,
          uniq_joseph
D:8:      nzn_winding_woodlands_large [nzn_winding_woodlands_5x5_default,
          nzn_winding_woodlands_5x15_longhouse,
          nzn_winding_woodlands_5x5_closed_star,
          nzn_winding_woodlands_center_diamonds,
          nzn_winding_woodlands_15x15_five_gardens,
          nzn_winding_woodlands_center_garden,
          nzn_winding_woodlands_5x5_open_star,
          nzn_winding_woodlands_5x15_crooked,
          nzn_winding_woodlands_5x5_default], layout_basic, tgw_kikubaaqudgha,
          xom_confusion_cloud, trog_book, uniq_pikel, uniq_maggie
Temple:   hellmonk_temple_divided_pantheon

Skill      XL: |  1  2  3  4  5  6  7  8  9 |
---------------+----------------------------+-----
Fighting       | 4 5 7 8 |  8.3
Armour         | 4 5 7 8 |  8.3
Shields        | 4 5 6 8 |  8.2
Maces & Flails | 3 4 5 7 |  7.1

Action                     |  1- 3 |  4- 6 |  7- 9 | 10-12 || total
---------------------------+-------+-------+-------+-------++-------
  Melee: Flail             |   101 |   188 |   232 |       ||   521
         Unarmed           |       |    15 |       |       ||    15
    Use: Potion            |       |     4 |     7 |     1 ||    12
         Scroll            |       |     5 |     4 |     2 ||    11
 Armour: Scale mail        |    45 |     9 |       |       ||    54
         Skin              |       |     1 |       |       ||     1
         Chain mail        |       |   189 |    71 |       ||   260
         Plate armour      |       |       |   134 |       ||   134
  Dodge: Dodged            |    53 |   109 |    94 |     1 ||   257
  Block: Buckler           |    19 |    59 |    69 |     1 ||   148

Table legend: (Time is in decaauts)
 A = Elapsed time spent in this place.
 B = Non-inter-level travel time spent in this place.
 C = Inter-level travel time spent in this place.
 D = Time resting spent in this place.
 E = Time spent auto-exploring this place.
 F = Levels seen in this place.
 G = Mean time per level.
                   A        B        C        D        E       F      G
               +--------+--------+--------+--------+--------+-----+--------+
         Total |  10210 |   9824 |    386 |   4557 |   3909 |   9 | 1134.4 |
       Dungeon |  10171 |   9785 |    386 |   4557 |   3904 |   8 | 1271.4 |
        Temple |     39 |     39 |      0 |      0 |      5 |   1 |   39.0 |
               +--------+--------+--------+--------+--------+-----+--------+

Top non-repeatable levels by time:
     D:3: 3114 daAuts
     D:6: 1573 daAuts
     D:4: 1533 daAuts
     D:7: 1220 daAuts
     D:5: 947 daAuts
     D:2: 947 daAuts
     D:1: 761 daAuts
     D:8: 72 daAuts
  Temple: 39 daAuts
